Map: [ESL] Inside and Out

Players

PappiJoe - Winner!

  • Race: Protoss Protoss
  • Spawn Location: 7:00

BabyMarine

  • Race: Terran Terran
  • Spawn Location: 1:00

Event: DreamHack SC2 Masters 2022 Valencia

VOD

Have the link to the VOD?

Description

Time

  • Played on: July 1, 2022, 6:27 a.m.
  • Length: 13:05

All games in this series

Show
View Real Time Build Order
Export as new Build Order

PappiJoe Protoss - Winner!

Build Orders: 1 Gate Expand, Colossus Rush 

Get SALT Encoding   

  12  0:00  Probe  
  13  0:12  Probe  
  14  0:17  Pylon  
  14  0:25  Probe  
  14  0:27  Assimilator  
  15  0:37  Probe (Chrono Boost)  
  15  0:42  Gateway  
  16  0:47  Probe (Chrono Boost)  
  17  0:52  Probe (Chrono Boost)  
  18  1:03  Probe  
  19  1:15  Probe  
  20  1:21  Nexus  
  20  1:31  Cybernetics Core  
  20  1:34  Probe  
  20  1:39  Assimilator  
  21  1:46  Probe  
  22  1:50  Pylon  
  22  1:58  Probe  
  23  2:06  Probe  
  23  2:07  Stalker (Chrono Boost)  
  23  2:14  Probe  
  26  2:17  Shield Battery  
  27  2:23  Warp Gate  
  27  2:25  Probe (Chrono Boost)  
  28  2:33  Probe (Chrono Boost)  
  32  2:37  Sentry  
  32  2:42  Probe (Chrono Boost)  
  32  2:44  Probe (Chrono Boost)  
  33  2:48  Probe (Chrono Boost)  
  33  2:49  Probe (Chrono Boost)  
  35  2:59  Probe  
  35  3:00  Gateway  
  35  3:01  Probe  
  35  3:04  Gateway  
  37  3:11  Probe  
  37  3:12  Sentry  
  40  3:13  Probe  
  40  3:16  Robotics Facility  
  41  3:24  Probe (Chrono Boost)  
  43  3:27  Pylon  
  43  3:29  Probe (Chrono Boost)  
  44  3:35  Probe (Chrono Boost)  
  44  3:40  Probe (Chrono Boost)  
  45  3:45  Nexus, Adept, Probe  
  48  3:49  Probe  
  48  3:50  Pylon  
  48  3:54  Assimilator  
  48  3:56  Assimilator  
  48  3:57  Pylon  
  48  3:58  Probe  
  50  4:02  Probe  
  50  4:08  Observer  
  51  4:11  Probe  
  51  4:15  Probe  
  51  4:17  Robotics Bay  
  53  4:21  Stalker x2  
  53  4:23  Probe  
  58  4:25  Stalker  
  58  4:27  Probe  
  61  4:37  Probe  
  61  4:38  Immortal  
  66  4:41  Probe  
  67  4:49  Probe  
  68  4:53  Probe  
  68  4:59  Pylon, Shield Battery  
  69  5:00  Probe  
  69  5:01  Probe  
  69  5:02  Stalker  
  69  5:04  Stalker  
  69  5:05  Probe  
  75  5:12  Probe  
  75  5:14  Colossus (Chrono Boost), Probe  
  77  5:17  Probe  
  84  5:24  Probe  
  84  5:26  Probe  
  86  5:29  Probe  
  86  5:33  Pylon  
  86  5:35  Stalker x2  
  90  5:36  Probe  
  90  5:38  Probe  
  90  5:41  Probe  
  93  5:49  Twilight Council  
  93  5:51  Probe  
  92  5:57  Probe  
  93  6:10  Probe x2  
  95  6:11  Extended Thermal Lance  
  95  6:12  Colossus (Chrono Boost)  
  95  6:17  Probe  
  101  6:24  Charge (Chrono Boost), Assimilator  
  101  6:27  Pylon  
  101  6:30  Assimilator  
  101  6:31  Pylon  
  101  6:35  Pylon  
  101  6:39  Pylon  
  101  6:45  Probe x3  
  101  6:46  Gateway  
  104  6:48  Colossus (Chrono Boost)  
  104  6:50  Gateway x2  
  104  6:54  Pylon  
  110  6:57  Probe x3  
  110  6:59  Forge  
  113  7:05  Zealot x3  
  113  7:08  Gateway  
  119  7:10  Gateway  
  119  7:12  Gateway  
  119  7:13  Gateway  
  105  7:28  Zealot x3  
  97  7:30  Probe x2  
  97  7:34  Templar Archives  
  97  7:36  Warp Prism (Chrono Boost)  
  99  7:38  Protoss Ground Weapons Level 1 (Chrono Boost)  
  99  7:41  Pylon  
  99  7:42  Pylon  
  101  7:46  Pylon  
  101  7:48  Pylon  
  101  7:50  Gateway  
  101  7:55  Nexus  
  101  7:59  Forge  
  101  8:02  Pylon  
  101  8:05  Zealot x3  
  107  8:06  Observer  
  107  8:11  Zealot x2  
  108  8:17  High Templar x3  
  108  8:18  High Templar  
  116  8:20  Pylon  
  116  8:23  Pylon  
  116  8:27  High Templar x2  
  116  8:28  Archon x2  
  116  8:32  Archon  
  120  8:36  High Templar x2  
  120  8:37  Zealot  
  122  8:44  Archon  
  122  8:47  Zealot  
  118  8:50  Zealot x2  
  118  8:51  Zealot x2  
  124  8:57  Zealot  
  124  9:02  Observer  
  116  9:04  Zealot  
  116  9:05  Zealot  
  109  9:10  Zealot x4  
  109  9:11  Zealot x2  
  109  9:15  Protoss Ground Armor Level 1 (Chrono Boost)  
  115  9:21  Blink (Chrono Boost)  
  115  9:31  High Templar x3  
  117  9:32  High Templar  
  117  9:33  Stalker x5  
  117  9:36  Archon  
  117  9:37  Archon  
  133  9:42  Zealot  
  129  9:56  Stalker x3  
  129  9:57  Zealot x2  
  129  9:58  Immortal  
  139  10:07  Zealot x4  
  139  10:08  Zealot  
  141  10:17  Stalker x2  
  141  10:19  Stalker x2  
  141  10:36  Zealot x5  
  141  10:37  Warp Prism  
  126  10:44  Zealot x3  
  126  10:48  Zealot x2  
  108  10:59  High Templar  
  108  11:00  High Templar x2  
  108  11:03  High Templar x2  
  112  11:04  Zealot x2  
  112  11:05  Archon, Zealot  
  112  11:07  Archon  
  112  11:10  High Templar x2  
  122  11:14  Archon  
  111  11:27  Photon Cannon  
  111  11:28  High Templar  
  103  11:33  Zealot x5  
  103  11:36  Archon  
  103  11:39  Observer  
  114  11:44  Probe x2  
  112  11:52  Zealot  
  112  11:53  Zealot x5  
  104  11:56  Zealot  
  104  11:58  Probe x2  
  82  12:02  Sentry  
  82  12:03  Sentry  
  82  12:19  Zealot x2  
  82  12:20  Zealot x2  
  78  12:24  High Templar x2  
  78  12:28  High Templar x2  
  84  12:33  Archon x2  
  84  12:34  Stalker  
  84  12:40  Stalker  
  84  12:58  Zealot x4  
  76  13:01  Zealot  
Show
View Real Time Build Order
Export as new Build Order

BabyMarine Terran 

Build Orders: Reaper Expand 

Get SALT Encoding   

  12  0:00  SCV  
  13  0:12  SCV  
  14  0:18  Supply Depot  
  14  0:24  SCV  
  15  0:39  SCV  
  15  0:41  Barracks  
  16  0:43  Refinery  
  16  0:51  SCV  
  17  1:04  SCV  
  18  1:16  SCV  
  19  1:28  Reaper  
  19  1:29  Orbital Command  
  20  1:43  Command Center  
  20  1:53  Supply Depot  
  20  1:57  SCV  
  20  2:00  Marine  
  22  2:08  Factory  
  22  2:12  SCV  
  23  2:19  Bunker  
  23  2:20  Barracks Reactor  
  23  2:24  Refinery  
  23  2:30  SCV  
  23  2:42  SCV  
  24  2:55  Orbital Command  
  24  2:58  SCV, Starport  
  25  3:04  Hellion  
  25  3:05  Hellion  
  29  3:07  Barracks Tech Lab  
  28  3:14  SCV  
  29  3:22  SCV  
  29  3:25  Widow Mine  
  29  3:26  SCV, Widow Mine  
  35  3:31  Supply Depot  
  35  3:34  Medivac  
  35  3:37  SCV  
  38  3:43  SCV  
  38  3:46  Widow Mine  
  38  3:48  Widow Mine  
  43  3:53  SCV  
  43  3:55  Barracks  
  44  3:56  SCV  
  44  3:57  Supply Depot  
  45  4:09  SCV  
  46  4:11  Starport Tech Lab  
  46  4:17  Barracks  
  46  4:18  Siege Tank, Marine  
  46  4:19  Marine, Supply Depot  
  46  4:22  SCV  
  46  4:24  SCV  
  53  4:34  SCV  
  53  4:36  SCV  
  55  4:40  Marine x2  
  55  4:44  Engineering Bay  
  57  4:46  Refinery, SCV, Starport Reactor  
  57  4:48  SCV  
  57  4:51  Siege Tank  
  62  4:56  Supply Depot  
  62  4:58  Stimpack  
  64  5:00  Marauder  
  64  5:01  Marine  
  65  5:07  Marine  
  65  5:08  SCV x2  
  68  5:15  Supply Depot  
  68  5:19  Marine  
  68  5:20  SCV  
  72  5:21  SCV, Marauder  
  72  5:25  Marine  
  72  5:27  Combat Shield  
  74  5:29  Marine  
  74  5:30  Refinery, Factory Reactor  
  75  5:37  Marine  
  75  5:38  Terran Infantry Weapons Level 1  
  75  5:39  SCV x2  
  76  5:51  SCV  
  76  5:55  Marine x2  
  76  5:56  Marauder x2  
  81  5:57  SCV  
  82  6:05  Medivac x2  
  82  6:10  Supply Depot  
  86  6:12  Command Center  
  86  6:14  Marine x2  
  86  6:16  SCV  
  86  6:17  Marauder  
  89  6:19  Widow Mine  
  89  6:21  Marine, Widow Mine  
  94  6:28  Supply Depot  
  94  6:32  SCV  
  95  6:34  SCV  
  95  6:35  Marine  
  95  6:39  Marauder  
  95  6:40  Marauder  
  95  6:45  Marine, Widow Mine x2  
  95  6:46  SCV x2  
  102  6:50  Concussive Shells  
  102  6:59  Barracks  
  102  7:00  Barracks, SCV  
  103  7:03  Marauder  
  103  7:05  Marine  
  103  7:07  Marine  
  103  7:08  Marine  
  108  7:11  SCV  
  109  7:19  SCV  
  100  7:23  SCV, Marine  
  100  7:24  Marauder  
  100  7:25  Marine  
  100  7:26  Marauder  
  95  7:31  SCV  
  95  7:33  Medivac x2  
  95  7:34  Widow Mine  
  95  7:37  Widow Mine  
  101  7:40  Marine  
  101  7:41  Terran Infantry Armor Level 1  
  102  7:46  SCV x2  
  102  7:47  Barracks Tech Lab, Barracks Reactor  
  104  7:55  Marine  
  104  7:56  Marauder x2  
  109  8:05  Armory  
  109  8:08  Engineering Bay  
  108  8:13  Marine x2  
  108  8:15  Widow Mine x2  
  108  8:17  Marauder  
  116  8:20  Orbital Command, Marine  
  116  8:24  Marine x2  
  116  8:26  Viking  
  119  8:28  Viking  
  119  8:31  SCV x2  
  119  8:33  Supply Depot  
  123  8:39  Missile Turret  
  123  8:40  Marine  
  124  8:51  Ghost Academy  
  124  8:55  Marauder x2  
  128  8:56  Viking  
  128  8:58  Viking  
  128  8:59  Marine  
  128  9:00  Marine  
  128  9:02  SCV  
  133  9:11  Supply Depot  
  133  9:12  Marine x2, Supply Depot  
  133  9:13  Marauder  
  133  9:16  Marauder x2  
  140  9:17  Marine  
  140  9:20  SCV x2  
  141  9:24  SCV  
  141  9:25  Supply Depot  
  141  9:27  Enhanced Shockwaves  
  138  9:34  Viking x2, Marauder  
  138  9:37  Marauder x2  
  146  9:43  SCV x2  
  143  9:55  Ghost, Marine x3  
  143  9:58  Ghost  
  143  9:59  Supply Depot, Marauder  
  150  10:06  Marine  
  133  10:09  SCV x2  
  133  10:13  Marine  
  124  10:18  Marine x2  
  124  10:19  Ghost  
  127  10:23  Ghost  
  127  10:26  Marine  
  127  10:27  Marauder  
  120  10:36  SCV  
  120  10:40  Orbital Command, Marine x2  
  108  10:45  Widow Mine x2  
  108  10:49  Marauder x2  
  103  10:52  Marine x2  
  91  10:58  Marine  
  91  11:00  Marine  
  91  11:04  Medivac x2  
  95  11:08  SCV x3  
  96  11:12  Ghost x2  
  100  11:22  Ghost  
  100  11:23  Marine x2  
  100  11:24  SCV x2  
  100  11:25  SCV  
  107  11:31  Marine x2  
  106  11:34  Widow Mine  
  106  11:35  Widow Mine  
  106  11:36  Liberator  
  106  11:37  SCV  
  114  11:41  Ghost  
  113  11:50  Marine  
  113  11:51  Marine, Marauder  
  113  11:52  Marauder  
  78  12:08  Marine x2, Widow Mine x2  
  78  12:09  SCV  
  78  12:13  Marine x2  
  72  12:32  Marauder  
  72  12:34  Marine  
  72  12:36  Ghost  
  72  12:37  Marine  
  74  12:38  SCV  
  74  12:41  Marine  

Tags
 
Add a new tag
Caveats
  • Supply blocks, unpowered buildings, or Contaminate may cause inaccurate times.
  • Supply counts are checked every 10 seconds.